| TOP OF THE 1ST |
|
Rochester Red Wings batting - Pitching for Bluff City Beasties : RHP Steve W Sparks
|
|
Pitching: RHP Steve W Sparks
|
|
|
Batting: RHB Terrell Lowery
|
0-0: Ball 1-0: Ball 2-0: Called Strike 2-1: Called Strike 2-2: Strikes out swinging
|
|
Batting: RHB Damon Mashore
|
0-0: Ball 1-0: Called Strike 1-1: Ball 2-1: Called Strike 2-2: Ball 3-2: Fly out, F9 (Flyball, 9LS, EV 82.5 MPH)
|
|
Batting: RHB Rich Aurilia
|
0-0: Called Strike 0-1: Ball 1-1: Ground out 6-3 (Groundball, 6, EV 103.8 MPH)
|
| Top of the 1st over - 0 runs, 0 hits, 0 errors, 0 left on base; Rochester 0 - Bluff City 0 |
| BOTTOM OF THE 1ST |
|
Bluff City Beasties batting - Pitching for Rochester Red Wings : RHP Darryl Scott
|
|
Pitching: RHP Darryl Scott
|
|
|
Batting: RHB Pat Watkins
|
0-0: Called Strike 0-1: Ball 1-1: Called Strike 1-2: SINGLE (Groundball, 34D, EV 96.9 MPH)
|
|
Batting: LHB Jeff Treadway
|
0-0: Ball 1-0: Fly out, F6 (Popup, 6S, EV 71.9 MPH)
|
|
Batting: LHB Phil Plantier
|
0-0: Called Strike 0-1: Ball 1-1: Ball 2-1: Ball 3-1: Base on Balls Pat Watkins to second
|
|
Batting: LHB Paul Sorrento
|
0-0: Ball 1-0: Called Strike 1-1: Called Strike 1-2: Foul Ball, location: 2F 1-2: SINGLE (Groundball, 4M, EV 90.0 MPH) (infield hit) Pat Watkins to third Phil Plantier to second
|
|
Batting: RHB Jeff Manto
|
0-0: Ball 1-0: DOUBLE (Line Drive, 78D, EV 105.0 MPH) Pat Watkins scores Phil Plantier scores Paul Sorrento to third
|
|
Batting: LHB Dan Pasqua
|
0-0: Fly out, F8 (Flyball, 8RD, EV 101.3 MPH) Runner from 3rd tags up, SCORES, throw by CF Jeff Manto to third
|
|
Batting: RHB Walt McKeel
|
0-0: Ball Wild Pitch! Jeff Manto scores 1-0: Called Strike 1-1: Ball 2-1: Ground out 1-3 (Groundball, 34S, EV 78.8 MPH)
|
| Bottom of the 1st over - 4 runs, 3 hits, 0 errors, 0 left on base; Rochester 0 - Bluff City 4 |
| TOP OF THE 2ND |
|
Rochester Red Wings batting - Pitching for Bluff City Beasties : RHP Steve W Sparks
|
|
Batting: LHB Tom Lampkin
|
0-0: SINGLE (Groundball, 34, EV 101.3 MPH) (infield hit)
|
|
Batting: RHB Darren Reed
|
0-0: Ball 1-0: Called Strike 1-1: Foul Ball, location: 2F 1-2: Ball 2-2: Ball 3-2: Strikes out looking
|
|
Batting: LHB Kevin Koslofski
|
0-0: Called Strike 0-1: Foul Ball, location: 2F 0-2: Strikes out looking
|
|
Batting: RHB Tim Unroe
|
0-0: Called Strike 0-1: SINGLE (Flyball, 89S, EV 90.0 MPH) Tom Lampkin to second Runner from 2nd tries for 3rd, SAFE, throw by RF made to third
|
|
Batting: RHB Rex Hudler
|
0-0: Fly out, F7 (Line Drive, 7D, EV 95.0 MPH)
|
| Top of the 2nd over - 0 runs, 2 hits, 0 errors, 2 left on base; Rochester 0 - Bluff City 4 |
| BOTTOM OF THE 2ND |
|
Bluff City Beasties batting - Pitching for Rochester Red Wings : RHP Darryl Scott
|
|
Batting: RHB Tom Evans
|
0-0: Swinging Strike 0-1: Ball 1-1: Ball 2-1: Ball 3-1: Base on Balls
|
|
Batting: SHB Jesus Tavarez
|
0-0: Foul Ball, location: 2F 0-1: Fielders Choice at 2nd, 4-6 (Groundball, 34, EV 99.4 MPH)
|
|
Batting: RHB Pat Watkins
|
0-0: Ball 1-0: Ball 2-0: Foul Ball, location: 2F 2-1: Foul Ball, location: 2F 2-2: Foul Ball, location: 2F 2-2: Ball 3-2: Foul Ball, location: 2F 3-2: Base on Balls Jesus Tavarez to second
|
|
Batting: LHB Jeff Treadway
|
0-0: Called Strike 0-1: 3-RUN HOME RUN (Line Drive, 7LD, EV 103.1 MPH), Distance : 340 ft
|
|
Pitching: LHP Brad Woodall
|
|
|
Batting: LHB Phil Plantier
|
0-0: Swinging Strike 0-1: Ball 1-1: Foul Ball, location: 2F 1-2: Ball 2-2: Foul Ball, location: 2F 2-2: Strikes out swinging
|
|
Batting: LHB Paul Sorrento
|
0-0: Ball 1-0: Ball 2-0: Foul Ball, location: 2F 2-1: Ball 3-1: Ground out 4-3 (Groundball, 4, EV 111.9 MPH)
|
| Bottom of the 2nd over - 3 runs, 1 hit, 0 errors, 0 left on base; Rochester 0 - Bluff City 7 |
| TOP OF THE 3RD |
|
Rochester Red Wings batting - Pitching for Bluff City Beasties : RHP Steve W Sparks
|
|
Batting: RHB Scott Sheldon
|
0-0: Ground out 1-3 (Groundball, 25, EV 70.0 MPH)
|
|
Batting: RHB Terrell Lowery
|
0-0: Foul Ball, location: 2F 0-1: Ball 1-1: Foul Ball, location: 2F 1-2: Ball 2-2: Ball 3-2: SINGLE (Line Drive, 7S, EV 108.8 MPH)
|
|
Batting: RHB Damon Mashore
|
0-0: Called Strike 0-1: Called Strike 0-2: Strikes out swinging
|
|
Batting: RHB Rich Aurilia
|
0-0: Ball 1-0: Called Strike 1-1: Ball 2-1: Ball 3-1: Base on Balls Terrell Lowery to second
|
|
Batting: LHB Tom Lampkin
|
0-0: Ball 1-0: Swinging Strike 1-1: Called Strike 1-2: Ball 2-2: Foul Ball, location: 2F 2-2: Foul Ball, location: 2F 2-2: Hit by Pitch Terrell Lowery to third Rich Aurilia to second
|
|
Batting: RHB Darren Reed
|
0-0: Ball 1-0: Ball 2-0: Swinging Strike 2-1: Foul Ball, location: 2F 2-2: Ball 3-2: Foul Ball, location: 2F 3-2: SINGLE (Groundball, 6MD, EV 103.1 MPH) Terrell Lowery scores Rich Aurilia to third Tom Lampkin to second Rich Aurilia scores Tom Lampkin to third
|
|
Batting: LHB Kevin Koslofski
|
0-0: Called Strike 0-1: Ball 1-1: DOUBLE (Line Drive, 9LM, EV 104.4 MPH) Tom Lampkin scores Darren Reed to third Runner from 3rd tries for Home, SAFE, no throw by RF
|
|
Batting: RHB Tim Unroe
|
0-0: Ball 1-0: Ball 2-0: SINGLE (Groundball, 56D, EV 103.1 MPH) Kevin Koslofski to third Runner from 3rd tries for Home, SAFE, no throw by LF
|
|
Batting: RHB Rex Hudler
|
0-0: Foul Ball, location: 2F 0-1: Fly out, F7 (Flyball, 78S, EV 83.8 MPH)
|
| Top of the 3rd over - 5 runs, 4 hits, 0 errors, 1 left on base; Rochester 5 - Bluff City 7 |
| BOTTOM OF THE 3RD |
|
Bluff City Beasties batting - Pitching for Rochester Red Wings : LHP Brad Woodall
|
|
Batting: RHB Jeff Manto
|
0-0: Swinging Strike 0-1: Ball 1-1: Ball 2-1: Fly out, F9 (Flyball, 89M, EV 83.1 MPH)
|
|
Batting: LHB Dan Pasqua
|
0-0: Called Strike 0-1: Called Strike 0-2: Ball 1-2: Foul Ball, location: 2F 1-2: Ball 2-2: Ball 3-2: Base on Balls
|
|
Batting: RHB Walt McKeel
|
0-0: Ball 1-0: Ball 2-0: Swinging Strike 2-1: Swinging Strike 2-2: Ball 3-2: Strikes out swinging
|
|
Pitching: RHP Oscar Munoz
|
|
|
Batting: RHB Tom Evans
|
0-0: Foul Ball, location: 2F 0-1: Ball 1-1: Foul Ball, location: 2F 1-2: Strikes out swinging
|
| Bottom of the 3rd over - 0 runs, 0 hits, 0 errors, 1 left on base; Rochester 5 - Bluff City 7 |
| TOP OF THE 4TH |
|
Rochester Red Wings batting - Pitching for Bluff City Beasties : RHP Steve W Sparks
|
|
Batting: RHB Scott Sheldon
|
0-0: Foul Ball, location: 2F 0-1: Called Strike 0-2: Foul Ball, location: 2F 0-2: Ball 1-2: Ball 2-2: Ball 3-2: Strikes out looking
|
|
Batting: RHB Terrell Lowery
|
0-0: Swinging Strike 0-1: Ball 1-1: Ball 2-1: Called Strike 2-2: Ball 3-2: SINGLE (Line Drive, 9LM, EV 102.5 MPH)
|
|
Batting: RHB Damon Mashore
|
0-0: Called Strike 0-1: Ball 1-1: Foul Ball, location: 2F 1-2: Ball 2-2: Foul Ball, location: 2F 2-2: Foul Ball, location: 2F 2-2: Ball 3-2: Strikes out swinging
|
|
Batting: RHB Rich Aurilia
|
0-0: DOUBLE (Flyball, 89XD, EV 106.9 MPH) Terrell Lowery to third Runner from 3rd tries for Home, SAFE, no throw by CF
|
|
Pitching: RHP John LeRoy
|
|
|
Batting: LHB Tom Lampkin
|
0-0: Ball 1-0: Called Strike 1-1: SINGLE (Groundball, 3D, EV 98.8 MPH) Rich Aurilia to third Runner from 3rd tries for Home, SAFE, no throw by RF
|
|
Batting: RHB Darren Reed
|
0-0: Ball 1-0: Ball 2-0: Foul Ball, location: 2F 2-1: Foul Ball, location: 2F 2-2: Strikes out swinging
|
| Top of the 4th over - 2 runs, 3 hits, 0 errors, 1 left on base; Rochester 7 - Bluff City 7 |
| BOTTOM OF THE 4TH |
|
Bluff City Beasties batting - Pitching for Rochester Red Wings : RHP Oscar Munoz
|
|
Batting: SHB Jesus Tavarez
|
0-0: Ball 1-0: Foul Ball, location: 2F 1-1: Swinging Strike 1-2: Ball 2-2: Ball 3-2: Base on Balls
|
|
Batting: RHB Pat Watkins
|
0-0: Ball 1-0: Fielders Choice at 2nd, 5-4 (Groundball, 56, EV 84.4 MPH)
|
|
Batting: LHB Jeff Treadway
|
0-0: Ground out 4-3 (Groundball, 4, EV 86.3 MPH) Pat Watkins to second
|
|
Batting: LHB Phil Plantier
|
0-0: Swinging Strike 0-1: Called Strike 0-2: Strikes out looking
|
| Bottom of the 4th over - 0 runs, 0 hits, 0 errors, 1 left on base; Rochester 7 - Bluff City 7 |
| TOP OF THE 5TH |
|
Rochester Red Wings batting - Pitching for Bluff City Beasties : RHP John LeRoy
|
|
Batting: LHB Kevin Koslofski
|
0-0: Called Strike 0-1: Ball 1-1: Swinging Strike 1-2: Strikes out swinging
|
|
Batting: RHB Tim Unroe
|
0-0: Ball 1-0: Ball 2-0: Called Strike 2-1: Bunt for hit to P - play at first, batter OUT! 1-3
|
|
Batting: RHB Rex Hudler
|
0-0: SINGLE (Groundball, 6MD, EV 108.1 MPH)
|
|
Batting: RHB Scott Sheldon
|
0-0: Ball 1-0: Ball 2-0: Foul Ball, location: 2F 2-1: Swinging Strike 2-2: Strikes out swinging
|
| Top of the 5th over - 0 runs, 1 hit, 0 errors, 1 left on base; Rochester 7 - Bluff City 7 |
| BOTTOM OF THE 5TH |
|
Bluff City Beasties batting - Pitching for Rochester Red Wings : RHP Oscar Munoz
|
|
Batting: LHB Paul Sorrento
|
0-0: Foul Ball, location: 2F 0-1: Ball 1-1: Foul Ball, location: 2F 1-2: Ball 2-2: Ball 3-2: Strikes out swinging
|
|
Batting: RHB Jeff Manto
|
0-0: Called Strike 0-1: Ball 1-1: Called Strike 1-2: Fly out, F9 (Flyball, 9LS, EV 80.0 MPH)
|
|
Batting: LHB Dan Pasqua
|
0-0: Fly out, F7 (Flyball, 7LSF, EV 88.1 MPH)
|
| Bottom of the 5th over - 0 runs, 0 hits, 0 errors, 0 left on base; Rochester 7 - Bluff City 7 |
| TOP OF THE 6TH |
|
Rochester Red Wings batting - Pitching for Bluff City Beasties : RHP John LeRoy
|
|
Batting: RHB Terrell Lowery
|
0-0: Ball 1-0: Swinging Strike 1-1: SINGLE (Groundball, 3D, EV 95.6 MPH)
|
|
Batting: RHB Damon Mashore
|
0-0: Foul Ball, location: 2F 0-1: Ball 1-1: Bunt missed! 1-2: Foul Ball, location: 2F 1-2: Foul Ball, location: 2F 1-2: SINGLE (Flyball, 89S, EV 90.0 MPH) Terrell Lowery to second Runner from 2nd tries for 3rd, SAFE, no throw by RF
|
|
Pitching: RHP Marty Janzen
|
|
|
Batting: RHB Rich Aurilia
|
0-0: Reached on error, E6 (Groundball, 6, EV 81.9 MPH) Terrell Lowery scores Damon Mashore to second
|
|
Batting: LHB Tom Lampkin
|
0-0: Called Strike 0-1: Foul Ball, location: 2F 0-2: Ball 1-2: Foul Ball, location: 2F 1-2: Fly out, F4 (Popup, 4M, EV 62.5 MPH)
|
|
Batting: RHB Darren Reed
|
0-0: Ball 1-0: SINGLE (Line Drive, 34D, EV 94.4 MPH) Damon Mashore to third Rich Aurilia to second Runner from 3rd tries for Home, SAFE, throw by RF to home
|
|
Batting: LHB Kevin Koslofski
|
0-0: Called Strike 0-1: SINGLE (Groundball, 6D, EV 99.4 MPH) Rich Aurilia to third Darren Reed to second Runner from 3rd tries for Home, SAFE, throw by CF to home
|
|
Batting: RHB Tim Unroe
|
0-0: Ball 1-0: Called Strike 1-1: Called Strike 1-2: Fielders Choice at 2nd, 4-6 (Groundball, 4S, EV 88.8 MPH) Darren Reed to third
|
|
Batting: RHB Rex Hudler
|
0-0: Ball 1-0: Ball 2-0: Ground out 5-3 (Groundball, 56S, EV 84.4 MPH)
|
| Top of the 6th over - 3 runs, 4 hits, 1 error, 2 left on base; Rochester 10 - Bluff City 7 |
| BOTTOM OF THE 6TH |
|
Bluff City Beasties batting - Pitching for Rochester Red Wings : RHP Oscar Munoz
|
|
Batting: RHB Walt McKeel
|
0-0: Ball 1-0: Fly out, F8 (Flyball, 8RM, EV 89.4 MPH)
|
|
Batting: RHB Tom Evans
|
0-0: Foul Ball, location: 2F 0-1: Swinging Strike 0-2: Fly out, F9 (Line Drive, 9, EV 101.9 MPH)
|
|
Batting: SHB Jesus Tavarez
|
0-0: Ball 1-0: Foul Ball, location: 2F 1-1: Fly out, F8 (Flyball, 8RS, EV 78.8 MPH)
|
| Bottom of the 6th over - 0 runs, 0 hits, 0 errors, 0 left on base; Rochester 10 - Bluff City 7 |
| TOP OF THE 7TH |
|
Rochester Red Wings batting - Pitching for Bluff City Beasties : RHP Marty Janzen
|
|
Batting: RHB Scott Sheldon
|
0-0: Ball 1-0: Foul Ball, location: 2F 1-1: Fly out, F8 (Flyball, 8RM, EV 82.5 MPH)
|
|
Batting: RHB Terrell Lowery
|
0-0: Ball 1-0: Swinging Strike 1-1: Swinging Strike 1-2: Ball 2-2: Strikes out looking
|
|
Batting: RHB Damon Mashore
|
0-0: Called Strike 0-1: Called Strike 0-2: Foul Ball, location: 2F 0-2: Foul Ball, location: 2F 0-2: Ball 1-2: Foul Ball, location: 2F 1-2: Foul Ball, location: 2F 1-2: Ball 2-2: SINGLE (Groundball, 56D, EV 100.6 MPH)
|
|
Batting: RHB Rich Aurilia
|
0-0: Ball 1-0: Foul Ball, location: 2F 1-1: Ball 2-1: Ball 3-1: Called Strike 3-2: Strikes out looking
|
| Top of the 7th over - 0 runs, 1 hit, 0 errors, 1 left on base; Rochester 10 - Bluff City 7 |
| BOTTOM OF THE 7TH |
|
Bluff City Beasties batting - Pitching for Rochester Red Wings : RHP Oscar Munoz
|
|
Pitching: RHP Joe Ausanio
|
|
|
Batting: RHB Pat Watkins
|
0-0: Foul Ball, location: 2F 0-1: Foul Ball, location: 2F 0-2: Ground out 5-3 (Groundball, 56, EV 105.6 MPH)
|
|
Batting: LHB Jeff Treadway
|
0-0: Ball 1-0: Ground out 4-3 (Groundball, 4, EV 98.8 MPH)
|
|
Batting: LHB Phil Plantier
|
0-0: Called Strike 0-1: Called Strike 0-2: Ball 1-2: Foul Ball, location: 2F 1-2: Fly out, F9 (Flyball, 89S, EV 74.4 MPH)
|
| Bottom of the 7th over - 0 runs, 0 hits, 0 errors, 0 left on base; Rochester 10 - Bluff City 7 |
| TOP OF THE 8TH |
|
Rochester Red Wings batting - Pitching for Bluff City Beasties : RHP Marty Janzen
|
|
Batting: LHB Tom Lampkin
|
0-0: Swinging Strike 0-1: Ball 1-1: Ball 2-1: Ball 3-1: Base on Balls
|
|
Pitching: RHP Brad Clontz
|
|
|
Batting: RHB Darren Reed
|
0-0: Reached on error, E7 (Flyball, 78M, EV 90.0 MPH) Tom Lampkin to second
|
|
Batting: LHB Kevin Koslofski
|
0-0: Ball 1-0: Ball 2-0: Fly out, F7 (Flyball, 7D, EV 107.5 MPH)
|
|
Batting: RHB Tim Unroe
|
0-0: Ball 1-0: Ball 2-0: Swinging Strike 2-1: Called Strike 2-2: Strikes out swinging
|
|
Batting: RHB Rex Hudler
|
0-0: Called Strike 0-1: Swinging Strike 0-2: Strikes out swinging
|
| Top of the 8th over - 0 runs, 0 hits, 1 error, 2 left on base; Rochester 10 - Bluff City 7 |
| BOTTOM OF THE 8TH |
|
Bluff City Beasties batting - Pitching for Rochester Red Wings : RHP Joe Ausanio
|
|
Batting: LHB Paul Sorrento
|
0-0: Ball 1-0: Called Strike 1-1: Foul Ball, location: 2F 1-2: Ball 2-2: Ball 3-2: SINGLE (Groundball, 4MD, EV 103.1 MPH)
|
|
Batting: RHB Jeff Manto
|
Balk! Paul Sorrento to second 0-0: SINGLE (Groundball, 6MD, EV 103.8 MPH) Paul Sorrento to third
|
|
Batting: LHB Dan Pasqua
|
0-0: Ball 1-0: Fielders Choice at 2nd, 3-6 (Groundball, 3, EV 79.4 MPH) Paul Sorrento scores
|
|
Batting: RHB Walt McKeel
|
0-0: Ball 1-0: Called Strike 1-1: Swinging Strike 1-2: Ball 2-2: Strikes out swinging
|
|
Batting: RHB Tom Evans
|
0-0: Fly out, F9 (Line Drive, 9, EV 105.0 MPH)
|
| Bottom of the 8th over - 1 run, 2 hits, 0 errors, 1 left on base; Rochester 10 - Bluff City 8 |
| TOP OF THE 9TH |
|
Rochester Red Wings batting - Pitching for Bluff City Beasties : RHP Brad Clontz
|
|
Batting: RHB Scott Sheldon
|
0-0: Called Strike 0-1: Ground out 6-3 (Groundball, 6, EV 85.6 MPH)
|
|
Batting: RHB Terrell Lowery
|
0-0: Called Strike 0-1: Foul Ball, location: 2F 0-2: Ball 1-2: Fly out, F7 (Flyball, 7D, EV 92.5 MPH)
|
|
Batting: RHB Damon Mashore
|
0-0: Called Strike 0-1: Ball 1-1: Foul Ball, location: 2F 1-2: Ball 2-2: Ball 3-2: Base on Balls
|
|
Batting: RHB Rich Aurilia
|
0-0: Ball 1-0: Foul Ball, location: 2F 1-1: Called Strike 1-2: Fly out, F9 (Flyball, 9LSF, EV 91.3 MPH)
|
| Top of the 9th over - 0 runs, 0 hits, 0 errors, 1 left on base; Rochester 10 - Bluff City 8 |
| BOTTOM OF THE 9TH |
|
Bluff City Beasties batting - Pitching for Rochester Red Wings : RHP Joe Ausanio
|
|
Batting: SHB Jesus Tavarez
|
0-0: Called Strike 0-1: Ball 1-1: Ground out 1-3 (Groundball, P, EV 88.1 MPH)
|
|
Batting: RHB Pat Watkins
|
0-0: Ball 1-0: Called Strike 1-1: Foul Ball, location: 2F 1-2: SINGLE (Line Drive, 9S, EV 103.8 MPH)
|
|
Pitching: LHP Ryan Karp
|
|
|
Batting: LHB Jeff Treadway
|
0-0: Ball 1-0: Fielders Choice at 2nd, 1-6 (Groundball, 23, EV 90.6 MPH)
|
|
Batting: LHB Phil Plantier
|
0-0: Ball 1-0: Ball 2-0: Ball 3-0: Base on Balls Jeff Treadway to second
|
|
Pinch Hitting: RHB Mike Simms
|
0-0: Called Strike 0-1: Ball 1-1: Ball 2-1: DOUBLE (Line Drive, 7LS, EV 107.5 MPH) Jeff Treadway scores Phil Plantier to third
|
|
Batting: RHB Jeff Manto
|
0-0: Intentional Walk
|
|
Pinch Hitting: RHB Carney Lansford
|
0-0: Called Strike 0-1: Foul Ball, location: 2F 0-2: SINGLE (Groundball, 56D, EV 94.4 MPH) Phil Plantier scores Mike Simms to third Jeff Manto to second Runner from 3rd tries for Home, SAFE, no throw by LF
|
 |
|
Wednesday, February 11th, 2026 - OOTP Baseball 20.8 Build 74
|
|